 Dungeon Crawl Stone Soup version 0.27-a0-1331-g60ef6b6952 (webtiles) character file.

Game seed: 5885589426963326066

28 HAL9000 the Sneak (level 3, 0/18 HPs)
             Began as a Vine Stalker Brigand on June 25, 2021.
             Slain by a hound (3 damage)
             ... on level 2 of the Dungeon.
             The game lasted 00:01:30 (1127 turns).

HAL9000 the Sneak (Vine Stalker Brigand)            Turns: 1127, Time: 00:01:31

Health: 0/18       AC:  3    Str: 14    XL:     3   Next: 12%
Magic:  0/4        EV: 11    Int: 11    God:
Gold:   30         SH:  0    Dex: 15    Spells: 2/2 levels left

rFire    . . .     SeeInvis .   l - +2 dagger (vamp)
rCold    . . .     Faith    .   (no shield)
rNeg     . . .     Spirit   +   b - +0 robe
rPois    .         Reflect  .   (no helmet)
rElec    .         Harm     .   c - +0 cloak
rCorr    .         Rampage  .   (no gloves)
Will     .....                  (no boots)
Stlth    +++.......             (no amulet)
HPRegen  0.06/turn              (no ring)
MPRegen  0.09/turn              (no ring)

@: no status effects
A: fangs 2, magic shield, antimagic bite, no potion heal 2
a: no special abilities


You were on level 2 of the Dungeon.
You visited 1 branch of the dungeon, and saw 2 of its levels.

You collected 30 gold pieces.

Inventory:

Hand Weapons
 l - a +2 vampiric dagger (weapon)
Missiles
 d - 17 poisoned darts (quivered)
 e - 2 curare-tipped darts
Armour
 b - a +0 robe (worn)
 c - a +0 cloak (worn)
Jewellery
 h - a ring of fire
Scrolls
 f - 4 scrolls of noise {unknown}
 g - a scroll of identify {unknown}
 k - a scroll of enchant weapon {unknown}
Potions
 a - a potion of resistance {unknown}
 i - a potion of ambrosia {unknown}
 j - a potion of degeneration {unknown}
 m - a potion of attraction {unknown}


   Skills:
 - Level 1.7 Fighting
 + Level 3.2 Short Blades
 - Level 1.7 Throwing
 - Level 0.7 Dodging
 - Level 4.8 Stealth


You had 2 spell levels left.
You didn't know any spells.
Your spell library was empty.

Dungeon Overview and Level Annotations

Branches:
Dungeon (2/15)

Altars:


Innate Abilities, Weirdness & Mutations

You have extremely sharp teeth.
When hurt, damage is shared between your health and your magic reserves.
Your bite disrupts and absorbs the magic of your enemies.
Potions cannot restore your health.


Message History

A frilled lizard comes into view.
The helpless endoplasm fails to defend itself.
You impale the endoplasm!!
You kill the endoplasm!
The helpless frilled lizard fails to defend itself.
You impale the frilled lizard!!
You kill the frilled lizard!
No target in view!
No target in view!
A frilled lizard comes into view.
Found a stone staircase leading up.
A worm comes into view.
There are monsters nearby!
A frilled lizard and a hound come into view.
The frilled lizard hisses angrily.
The frilled lizard hisses angrily.
You hit the frilled lizard.
You kill the frilled lizard!
The hound barks!
You closely miss the frilled lizard. Your bite misses the frilled lizard.
The frilled lizard closely misses you.
You hit the hound.
The hound is moderately wounded.
The hound bites you. The frilled lizard barely misses you.
You completely miss the hound. You bite the hound. You drain its power.
The hound is moderately wounded.
The hound bites you.
You hit the hound.
You feel better.
Your bite misses the hound.
The hound is heavily wounded.
The hound misses you. The frilled lizard bites you. The hound bites you.
You hit the hound.
The hound is severely wounded.
The frilled lizard bites you. The hound bites you.
Unknown command.
The frilled lizard bites you.
The frilled lizard bites you but does no damage.
The hound bites you.
* * * LOW HITPOINT WARNING * * *
The hound bites you.
You die...

.......###...........
...........#.........
##.....#.........[....
###......#.#####........
...............##.....##
........w......#...#####
#............# ..# #
#.<..l......#...# #
##..@h......... #
##.........#.. #
#.#########.. # #. #. ..
.. ...


You could see a worm, a hound and a frilled lizard.

Vanquished Creatures
  A dart slug (D:1)
  6 endoplasms
  A giant cockroach (D:1)
  2 goblins (D:1)
  2 hobgoblins (D:1)
  2 quokkas (D:1)
  A ball python (D:1)
  3 bats (D:1)
  3 frilled lizards
  A kobold (D:1)
  2 rats (D:1)
24 creatures vanquished.

Notes
Turn   | Place    | Note
-------+----------+-------------------------------------------
     0 | D:1      | HAL9000 the Vine Stalker Brigand began the quest for the
                  | Orb.
     0 | D:1      | Reached XP level 1. HP: 11/11 MP: 2/2
   332 | D:1      | Reached XP level 2. HP: 15/15 MP: 3/3
   982 | D:1      | Reached XP level 3. HP: 18/18 MP: 4/4
  1058 | D:2      | Found a faded altar of an unknown god.
  1127 | D:2      | Slain by a hound

Illustrated notes

Levels and vault maps discovered:
D:1:      erik_arrival_blinker_ship, layout_basic
D:2:      layout_rooms, shapermc_ecumenical_altar_mp_highgroup,
          hangedman_glass_teeth, minmay_hexomino_r4

Skill      XL: |  1  2 |
---------------+-------+-----
Short Blades   | 2 3 |  3.2
Fighting       | |  1.7
Throwing       | |  1.7
Dodging        | |  0.7
Stealth        | |  4.8

Action                   || total
-------------------------++-------
Melee: Dagger            ||    55
       Bite              ||    10
 Stab: Sleeping          ||     9
Armor: Robe              ||    21
Dodge: Dodged            ||    27

Table legend: (Time is in decaauts)
 A = Elapsed time spent in this place.
 B = Non-inter-level travel time spent in this place.
 C = Inter-level travel time spent in this place.
 D = Time resting spent in this place.
 E = Time spent auto-exploring this place.
 F = Levels seen in this place.
 G = Mean time per level.
                   A        B        C        D        E       F      G
               +--------+--------+--------+--------+--------+-----+--------+
         Total |   1119 |   1100 |     19 |    368 |    587 |   2 |  559.5 |
       Dungeon |   1119 |   1100 |     19 |    368 |    587 |   2 |  559.5 |
               +--------+--------+--------+--------+--------+-----+--------+

Top non-repeatable levels by time:
     D:1: 1049 daAuts
     D:2: 69 daAuts
